 Dungeon Crawl Stone Soup version 0.25-a0-471-g78e40d7af6 (webtiles) character file.

Game seed: 13365754576344511277, levelgen mode: deterministic

62342 Eurus the Blocker (level 14, -10/108 HPs)
             Began as a Mummy Conjurer on Feb 6, 2020.
             Was an Elder of Ashenzari.
             Mangled by a minotaur zombie (16 damage)
             ... in a Gauntlet.
             The game lasted 01:46:27 (34735 turns).

Eurus the Blocker (Mummy Conjurer)                 Turns: 34735, Time: 01:46:28

Health: -10/108    AC: 18    Str: 11    XL:     14   Next: 64%
Magic:  41/48      EV: 11    Int: 24    God:    Ashenzari [****..]
Gold:   493        SH: 11    Dex: 13    Spells: 26/35 levels left

rFire    x . .     SeeInvis +   v - +2 dagger (venom)
rCold    + . .     Gourm    .   h - +0 shield
rNeg     + + +     Faith    .   C - +3 leather armour
rPois    ∞         Spirit   .   s - +3 hat of Pondering {ponderous, MR+ MP+10 Int+5}
rElec    .         Reflect  .   m - +1 cloak
rCorr    .         Harm     .   o - +0 pair of gloves
MR       ++...     Clarity  +   F - +0 pair of boots Stlth ++........NoTele +
                                q - amulet of magic regeneration (curse)
HPRegen  0.28/turn              H - +4 ring of protection
MPRegen  0.56/turn              k - ring of magical power (curse)

@: slow
A: no food or potions, fire vulnerability, cold resistance 1, negative energy
resistance 3, torment resistance, unbreathing, in touch with death 1
a: Curse Item, Scrying, Renounce Religion


You were in a Gauntlet.
You worshipped Ashenzari.
Ashenzari was greatly pleased with you.
You were not hungry.

You visited 3 branches of the dungeon, and saw 19 of its levels.
You also visited: Ossuary and Gauntlet.

You collected 1043 gold pieces.
You spent 550 gold pieces at shops.

Inventory:

Hand Weapons
 a - a +0 quarterstaff
 v - a +2 dagger of venom (weapon)
Armour
 h - a +0 shield (worn)
 j - +0 steam dragon scales
 m - a +1 cloak (worn)
 o - a +0 pair of gloves (worn)
 r - the +4 ring mail of Refuge {rElec rPois Regen+ Slay-2}
   (You found it on level 4 of the Dungeon)

   It affects your accuracy and damage with ranged weapons and melee attacks
   (-2).
   It insulates you from electricity.
   It protects you from poison.
   It increases your rate of regeneration.
   If you switch to wearing this armour, your AC will rise 4 points (18 -> 22)
 s - the +3 hat of Pondering (worn) {ponderous, MR+ MP+10 Int+5}
   (You found it on level 4 of the Dungeon)

   It affects your intelligence (+5).
   It affects your resistance to hostile enchantments.
   It affects your magic capacity (+10).
   If you remove this armour, your AC will fall 3 points (18 -> 15)
 C - a +3 leather armour (worn)
 F - a +0 pair of boots (worn)
Magical Staves
 K - a cursed staff of wizardry
Jewellery
 g - the ring of Giust {rPois rF+ rC- rN++ EV+1}
   (You found it in a Gauntlet)

   [ring of evasion]

   It affects your evasion (+1).
   It protects you from fire.
   It makes you vulnerable to cold.
   It protects you from poison.
   It greatly protects you from negative energy.
 k - a cursed ring of magical power (right hand)
 n - a +5 ring of strength
 p - an uncursed ring of protection from fire
 q - a cursed amulet of magic regeneration (around neck)
 w - an uncursed ring of stealth
 x - an uncursed ring of protection from cold
 A - an uncursed ring of resist corrosion
 D - an uncursed amulet of regeneration
 E - an uncursed ring of fire
 G - an uncursed ring of fire
 H - a +4 ring of protection (left hand)
 I - the ring of Cuxe {rPois MR+ Str+4}
   (You found it in a Gauntlet)

   [ring of protection from magic]

   It affects your strength (+4).
   It protects you from poison.
   It affects your resistance to hostile enchantments.
 J - an uncursed ring of wizardry
Wands
 b - a wand of flame (59)
 f - a wand of iceblast (30)
 u - a wand of polymorph (31)
 y - a wand of disintegration (23)
 B - a wand of paralysis (6)
Scrolls
 c - 12 scrolls of identify
 d - 7 scrolls of amnesia
 e - a scroll of blinking
 i - 4 scrolls of enchant armour
 l - 6 scrolls of teleportation
 t - a scroll of vulnerability
 z - 6 scrolls of remove curse


   Skills:
 - Level 9.0 Fighting
 - Level 3.0 Staves
 + Level 5.8 Armour
 - Level 1.5 Dodging
 - Level 1.5 Stealth
 + Level 11.9 Shields
 + Level 11.1 Spellcasting
 + Level 10.3(12.4) Conjurations
 - Level 7.0(9.3) Translocations
 - Level 6.9(9.3) Evocations


You had 26 spell levels left.
You knew the following spells:

 Your Spells              Type           Power        Failure   Level  Hunger
a - Magic Dart            Conj           ####         1%          1    N/A
b - Searing Ray           Conj           ######       1%          2    N/A
c - Iskenderun's Mystic   Conj/Tloc      ######..     1%          4    N/A
d - Shroud of Golubria    Chrm/Tloc      #####.       1%          2    N/A

Your spell library contained the following spells:

 Spells                   Type           Power        Failure   Level  Hunger
 Dazzling Flash           Conj/Hex       #####.       1%          3    N/A
 Fulminant Prism          Conj/Hex       #####.....   7%          4    N/A
 Corona                   Hex            ##.....      9%          1    N/A
 Infusion                 Chrm           ##..         9%          1    N/A
 Sting                    Tmut/Pois      ##..         9%          1    N/A
 Summon Small Mammal      Summ           ##..         9%          1    N/A
 Call Imp                 Summ           ##......     12%         2    N/A
 Corpse Rot               Necr/Air       N/A          12%         2    N/A
 Ensorcelled Hibernation  Hex/Ice        ##....       12%         2    N/A
 Song of Slaying          Chrm           ##......     12%         2    N/A
 Call Canine Familiar     Summ           ##......     24%         3    N/A
 Confusing Touch          Hex            ##......     24%         3    N/A
 Ozocubu's Armour         Chrm/Ice       ##......     24%         3    N/A
 Spectral Weapon          Hex/Chrm       ##......     24%         3    N/A
 Summon Guardian Golem    Hex/Summ       ##......     24%         3    N/A
 Tukima's Dance           Hex            ##......     24%         3    N/A
 Leda's Liquefaction      Hex/Erth       ##........   63%         4    N/A
 Summon Ice Beast         Ice/Summ       ##......     63%         4    N/A
 Summon Lightning Spire   Summ/Air       ##......     63%         4    N/A
 Yara's Violent Unravell  Hex/Tmut       ##........   92%         5    N/A
 Invisibility             Hex            ##......     100%        6    N/A
 Sublimation of Blood     Necr           Unusable     N/A         2    N/A
 Spider Form              Tmut/Pois      Unusable     N/A         3    N/A

Dungeon Overview and Level Annotations

Branches:
Dungeon (12/15)            Temple (1/1) D:7            Lair (6/6) D:9
  Snake (0/4) Lair:4        Slime (0/5) Lair:6          Orc (0/2) D:11
Ossuary (visited)         Gauntlet (1/1)
  Swamp: Lair:2-4    Shoals: Lair:2-4

Altars:
Ashenzari
Cheibriados
Dithmenos
Elyvilon
Fedhas
Gozag
Hepliaklqana
Kikubaaqudgha
Makhleb
Nemelex Xobeh
Okawaru
Qazlal
Ru
Sif Muna
Trog
Uskayaw
Vehumet
Wu Jian
Xom
Yredelemnul
Zin
The Shining One
Jiyva

Shops:
D:4 =

Annotations:
Lair:2 exclusions: hydra and 2 more exclusions
Lair:3 1 runed translucent door, exclusion: 4 oklob plants, loom's ghost, journeyman DrIE
Lair:5 exclusion: oklob plant Gauntlet 12 transporters, exclusion: obsidian statue


Innate Abilities, Weirdness & Mutations

You do not eat or drink.
Your flesh is vulnerable to fire.
You are immune to poison.
Your flesh is cold resistant. (rC+)
You are immune to negative energy. (rN+++)
You are immune to unholy pain and torment.
You can survive without breathing.
You are in touch with the powers of death.


Message History

The searing ray hits the minotaur zombie.
The minotaur zombie is severely damaged. (Press . to maintain the ray.)
The minotaur zombie hits you!!
* * * LOW HITPOINT WARNING * * *
The minotaur zombie gores you but does no damage.
The searing ray hits the minotaur zombie!
The minotaur zombie is almost destroyed.
The minotaur zombie misses you.
The minotaur zombie gores you but does no damage.
Casting: Searing Ray (safe; 1% risk of failure)
Confirm with . or Enter, or press ? or * to list all spells.
Aiming: Searing Ray (safe; 1% risk of failure)
Press: ? - help, Shift-Dir - straight line, f/p - minotaur zombie
Aim: a minotaur zombie (almost destroyed)
The searing ray hits the minotaur zombie!
The minotaur zombie is almost destroyed. (Press . to maintain the ray.)
The minotaur zombie hits you!
You die...

#####.###.###.#####
###.###.###.###
#.............#
#.###.###.###.#
#....((.......#
#######(#######
##.### ###..∩.#
#.'⌠@..#*
###.Z.⌠+∆* #.⌠..#
##'### #.# ###


You could see a minotaur zombie.

Vanquished Creatures
  Gastronok (Lair:2)
  A minotaur (Gauntlet)
  2 hydras (Lair:5)
  Erica (D:8)
  A catoblepas (Lair:4)
  3 two-headed ogres
  A death scarab (Gauntlet)
  5 death yaks
  2 thrashing horrors (Gauntlet)
  2 unseen horrors
  Pikel (D:6)
  2 cyclopes
  3 manticores
  4 elephants
  A worldbinder (Gauntlet)
  4 black mambas
  9 spiny frogs
  Maggie (D:8)
  A rime drake (Lair:6)
  4 komodo dragons
  4 trolls
  6 polar bears (Lair:6)
  A queen bee (Lair:3)
  A hornet (D:11)
  3 raiju (Lair:6)
  22 blink frogs
  17 hippogriffs
  10 wyverns
  A spectral komodo dragon (Gauntlet)
  60 yaks
  3 basilisks
  A steam dragon (Lair:3)
  2 vampire mosquitoes (D:10)
  2 hungry ghosts (D:11)
  2 wargs (Lair:6)
  A swamp worm (Lair:2)
  A soldier ant (Lair:6)
  10 hell hounds (Lair:6)
  30 water moccasins
  13 porcupines
  Duvessa (D:5)
  2 orc warriors
  9 black bears
  4 ice beasts
  2 sky beasts (D:10)
  3 phantoms
  8 ogres
  3 eyes of draining
  2 boggarts (Gauntlet)
  8 centaurs
  20 wolves
  13 crocodiles
  3 big kobolds
  17 bullfrogs
  Dowan (D:5)
  2 wyvern skeletons
  3 scorpions
  2 small abominations (Gauntlet)
  43 killer bees
  A troll zombie (D:11)
  4 wights (D:11)
  3 electric eels (D:9)
  A howler monkey (D:10)
  7 crimson imps
  3 centaur zombies
  2 bullfrog zombies
  3 bullfrog skeletons
  9 hounds
  7 orc priests
  16 jellies
  10 orc wizards
  An iguana (D:10)
  11 worker ants
  7 ogre zombies (D:11)
  A big kobold zombie (Ossuary)
  A hound skeleton (D:9)
  5 mummies
  A worker ant zombie (D:10)
  4 gnolls (D:4)
  17 adders
  4 shadow imps
  7 oozes
  5 worms
  2 dart slugs
  7 leopard geckos
  41 orcs
  9 giant cockroaches
  5 goblins
  4 hobgoblins
  10 jackals
  6 quokkas
  4 ball pythons
  13 bats
  14 frilled lizards
  4 goblin zombies (D:11)
  A hobgoblin skeleton (D:11)
  5 hobgoblin zombies
  18 kobolds
  A leopard gecko skeleton (D:6)
  A leopard gecko zombie (D:5)
  4 orc skeletons (D:11)
  13 orc zombies (D:11)
  8 rats
  A spectral orc (D:5)
  2 fungi (Lair:5)
  A plant (Lair:4)
689 creatures vanquished.

Vanquished Creatures (others)
  28 fungi
  43 plants
71 creatures vanquished.

Grand Total: 760 creatures vanquished

Notes
Turn   | Place    | Note
-------+----------+-------------------------------------------
     0 | D:1      | Eurus the Mummy Conjurer began the quest for the Orb.
     0 | D:1      | Reached XP level 1. HP: 13/13 MP: 4/4
   243 | D:1      | Reached XP level 2. HP: 15/20 MP: 3/6
   273 | D:1      | Learned a level 2 spell: Searing Ray
   581 | D:1      | Reached skill level 1 in Fighting
   754 | D:1      | Reached XP level 3. HP: 13/26 MP: 3/7
  1359 | D:2      | Found an ornate altar of the Wu Jian Council.
  2377 | D:2      | Reached XP level 4. HP: 32/32 MP: 4/9
  2487 | D:2      | Found a glowing golden altar of the Shining One.
  2660 | D:2      | Reached skill level 1 in Shields
  2881 | D:3      | Noticed an ogre
  3000 | D:3      | Reached XP level 5. HP: 32/37 MP: 6/11
  3555 | D:3      | Killed an ogre
  3555 | D:3      | Reached skill level 5 in Spellcasting
  3555 | D:3      | Reached XP level 6. HP: 42/43 MP: 6/13
  4030 | D:3      | Found a sacrificial altar of Ru.
  4274 | D:3      | Found an iron altar of Okawaru.
  5156 | D:4      | Got a smoking ring mail
  5198 | D:4      | Found the +3 hat of Pondering {ponderous, MR+ MP+10 Int+5}
  5202 | D:4      | Reached XP level 7. HP: 48/48 MP: 10/15
  5329 | D:4      | Found Utas's Jewellery Shop.
  5491 | D:5      | Entered Level 5 of the Dungeon
  5517 | D:5      | Found a shimmering blue altar of Sif Muna.
  5531 | D:5      | Reached skill level 5 in Conjurations
  5655 | D:5      | Noticed Duvessa
  5655 | D:5      | Noticed Dowan
  5663 | D:5      | Killed Duvessa
  5664 | D:5      | Killed Dowan
  6029 | D:5      | Found a shimmering altar of Xom.
  6266 | D:5      | Found a basalt altar of Yredelemnul.
  6404 | D:5      | Found a snail-covered altar of Cheibriados.
  6594 | D:6      | Reached XP level 8. HP: 54/54 MP: 18/18
  6608 | D:6      | Found a radiant altar of Vehumet.
  6608 | D:6      | Found a hide-covered altar of Uskayaw.
  6672 | D:6      | Found a radiant altar of Vehumet.
  6713 | D:6      | Found a sparkling altar of Nemelex Xobeh.
  6713 | D:6      | Found an opulent altar of Gozag.
  6785 | D:6      | Found a sand-covered staircase.
  6793 | Ossuary  | Entered an ossuary
  7059 | Ossuary  | HP: 1/54 [mummy (12)]
  8135 | D:7      | Reached skill level 5 in Shields
  8427 | D:7      | Reached XP level 9. HP: 53/59 MP: 21/21
  8529 | D:7      | Found a staircase to the Ecumenical Temple.
  8535 | Temple   | Entered the Ecumenical Temple
  8672 | Temple   | Became a worshipper of Ashenzari the Shackled
  8823 | D:7      | Found a blossoming altar of Fedhas.
  9208 | D:7      | Noticed Pikel
  9307 | D:6      | Killed Pikel
  9621 | D:8      | Noticed Erica
 10575 | D:8      | Reached skill level 10 in Spellcasting
 10611 | D:8      | Noticed Maggie
 11747 | D:8      | Killed Maggie
 11747 | D:8      | Reached XP level 10. HP: 13/66 MP: 24/24
 12947 | D:9      | Noticed a two-headed ogre
 13803 | D:9      | Found a staircase to the Lair.
 13878 | D:9      | Killed a two-headed ogre
 14440 | D:10     | Entered Level 10 of the Dungeon
 14447 | D:9      | Reached skill level 5 in Fighting
 14447 | D:9      | Reached XP level 11. HP: 74/79 MP: 25/25
 14586 | D:10     | Reached * piety under Ashenzari
 14837 | D:10     | Noticed a two-headed ogre
 14846 | D:10     | Killed a two-headed ogre
 15082 | D:10     | Killed an unseen horror
 15082 | D:10     | Reached skill level 1 in Staves
 16272 | D:4      | Bought an uncursed ring of magical power for 220 gold
                  | pieces
 16272 | D:4      | Bought an uncursed amulet of magic regeneration for 330
                  | gold pieces
 16394 | Lair:1   | Entered Level 1 of the Lair of Beasts
 17192 | Lair:1   | Reached skill level 10 in Conjurations
 17329 | Lair:1   | Reached XP level 12. HP: 91/91 MP: 26/26
 17384 | Lair:1   | Learned a level 4 spell: Iskenderun's Mystic Blast
 17658 | Lair:1   | Got the uncursed hat of Fashionability {*Slow rPois MR+
                  | Int+3}
 17982 | Lair:2   | Noticed Gastronok
 18006 | Lair:2   | Reached skill level 1 in Translocations
 18458 | Lair:2   | Reached ** piety under Ashenzari
 18557 | Lair:1   | Reached skill level 1 in Evocations
 19095 | Lair:2   | Noticed an eight-headed hydra
 19160 | Lair:2   | Reached skill level 10 in Shields
 19188 | Lair:2   | Killed Gastronok
 20161 | Lair:3   | Found a runed translucent door.
 20161 | Lair:3   | Noticed loom's ghost (journeyman DrIE)
 20224 | Lair:3   | Noticed a death yak
 20224 | Lair:3   | Noticed a death yak
 20224 | Lair:3   | Noticed a death yak
 20225 | Lair:3   | Noticed a death yak
 21192 | Lair:3   | Identified Sif Muna's Compendium of Moulding
 21784 | Lair:3   | Noticed a death yak
 21818 | Lair:4   | Killed a death yak
 21818 | Lair:4   | Gained mutation: You are in touch with the powers of death.
                  | [Mummy growth]
 21818 | Lair:4   | Reached XP level 13. HP: 6/99 MP: 27/27
 22565 | Lair:3   | Reached skill level 1 in Armour
 24060 | Lair:4   | Found a staircase to the Snake Pit.
 24313 | Lair:4   | Reached *** piety under Ashenzari
 24736 | Lair:4   | Reached skill level 5 in Translocations
 25624 | Lair:3   | Reached skill level 5 in Evocations
 27749 | Lair:6   | Entered Level 6 of the Lair of Beasts
 28158 | Lair:6   | Learned a level 2 spell: Shroud of Golubria
 28769 | Lair:6   | Reached XP level 14. HP: 103/108 MP: 28/28
 29253 | Lair:6   | Found a staircase to the Slime Pits.
 30564 | Lair:6   | Reached skill level 5 in Armour
 31863 | D:8      | Killed Erica
 33169 | D:11     | Found a staircase to the Orcish Mines.
 33585 | D:11     | Reached **** piety under Ashenzari
 33730 | D:12     | Found a gate leading to a gauntlet.
 33739 | Gauntlet | Entered a Gauntlet
 33739 | Gauntlet | Found a transporter.
 33739 | Gauntlet | Identified the ring of Giust {rPois rF+ rC- rN++ EV+1}
 33749 | Gauntlet | Found a transporter.
 33764 | Gauntlet | Found a transporter.
 33769 | Gauntlet | Found a transporter.
 33786 | Gauntlet | Found a transporter.
 33804 | Gauntlet | Found a transporter.
 33806 | Gauntlet | Identified the ring of Cuxe {rPois MR+ Str+4}
 33816 | Gauntlet | Found a transporter.
 33828 | Gauntlet | Found a transporter.
 33830 | Gauntlet | Identified the ring of Peace {MP+9 Str+5 Int-2}
 33839 | Gauntlet | Identified the ring of Foaxzej {rPois EV+3 Int+4}
 33840 | Gauntlet | Found a transporter.
 33852 | Gauntlet | Found a transporter.
 33871 | Gauntlet | Found a transporter.
 33886 | Gauntlet | Found a transporter.
 33888 | Gauntlet | Found a transporter.
 33915 | Gauntlet | Found a transporter.
 33933 | Gauntlet | Found a transporter.
 33935 | Gauntlet | Found a transporter.
 34013 | Gauntlet | Found a transporter.
 34051 | Gauntlet | Found a transporter.
 34555 | Gauntlet | Identified the Handbook of the Unstoppable Coins
 34731 | Gauntlet | HP: 4/108 [minotaur zombie (24)]
 34735 | Gauntlet | Mangled by a minotaur zombie

Levels and vault maps discovered:
D:1:      dpeg_arrival_long_road, layout_loops_cross, minmay_circled_x
D:2:      layout_loops_cross, overflow_temple_1_default,
          nicolae_overflow_hidden_temple
D:3:      layout_basic, okawaru_metal_pillars_1_2,
          nicolae_ru_great_annihilating_truth, first_ration,
          minmay_fractal_squares_diagonal_5
D:4:      minmay_spotlight, layout_rooms, serial_shops, shop
D:5:      layout_basic, cheibrodos_worm_habitat, nicolae_overflow_crystal_walls,
          yredelemnul_forgotten_temple_becter, xom_butterflies, minivault_11,
          uniq_duvessa
D:6:      layout_loops_ring, grunt_temple_overflow_opulence,
          grunt_temple_overflow_open, enter_ossuary_1, vehumet_altar_wand_db
D:7:      black_bear_nest_2, layout_basic, marbit_many_paths,
          minmay_temple_entry_gardened_gates, uniq_pikel
D:8:      layout_basic, blue_anna_alchemist [blue_anna_fruit_fields,
          blue_anna_fruit_fields], uniq_maggie, uniq_erica
D:9:      layout_grid_maze, erik_lair_island
D:10:     layout_gridville, lemuel_old_faithful
D:11:     layout_big_octagon, zombieorc2_lemuel
D:12:     layout_irregular_city, serial_shops, nicolae_shop_behind_doors,
          gauntlet_entry_generic, hangedman_decor_clover_reticule,
          lightli_corner_chamber
Temple:   pf_slime_end_temple
Lair:1:   layout_small_grid, infiniplex_staircase_pool, lemuel_fruit_fields
Lair:2:   layout_chaotic_city, palyth_hydra_swamp_entry, beast_lair_carwin_9,
          uniq_gastronok
Lair:3:   hangedman_what_comes_after_a, layout_regular_city,
          gammafunk_ghost_grave
Lair:4:   layout_layer_cave, minmay_snake_entry_six_corridors, st_stairs_9,
          nicolae_lair_yak_garden
Lair:5:   layout_roguey, serial_bayou_shore_a, minmay_lair_oklob_chamber
Lair:6:   guppyfry_lair_end_dragon, layout_misc_corridors,
          hangedman_lair_caniforms_friends, minmay_slime_entry_jelly_boxes,
          minmay_another_anthill
Gauntlet: gammafunk_gauntlet_one_two_three [gammafunk_gauntlet_arena_spirals,
          nicolae_gauntlet_arena_blocks, nicolae_gauntlet_swirl,
          gammafunk_gauntlet_arena_teeth, nicolae_gauntlet_arena_flowing_pool,
          gammafunk_gauntlet_arena_grid, gammafunk_gauntlet_arena_chambers,
          gammafunk_gauntlet_arena_split_diamond,
          gammafunk_gauntlet_arena_split_x, gauntlet_exit_hidden_loot]

Skill      XL: |  1  2  3  4  5  6  7  8  9 10 11 12 13 14 |
---------------+-------------------------------------------+-----
Spellcasting   | 3 4 5 6 8 10 11 | 11.1
Fighting       | 1 5 7 8 9 |  9.0
Shields        | 1 2 3 5 6 8 9 10 11 | 11.9
Conjurations   | 4 5 6 7 9 10 | 10.3
Staves         | 3 |  3.0
Translocations | 4 6 7 |  7.0
Evocations     | 4 6 |  6.9
Armour         | 4 5 |  5.8
Dodging        | |  1.5
Stealth        | |  1.5

Action                   |  1- 3 |  4- 6 |  7- 9 | 10-12 | 13-15 || total
-------------------------+-------+-------+-------+-------+-------++-------
Melee: Club              |    14 |       |       |       |       ||    14
       Unarmed           |     2 |       |       |       |       ||     2
       Dagger            |    85 |   125 |   111 |    51 |    67 ||   439
 Cast: Magic Dart        |    46 |    59 |    47 |   150 |   246 ||   548
       Searing Ray       |     4 |    22 |    72 |   201 |   276 ||   575
       Iskenderun's Myst |       |       |       |       |    71 ||    71
       Shroud of Golubri |       |       |       |       |     1 ||     1
Invok: Curse Item        |       |       |       |     2 |       ||     2
  Use: Scroll            |       |       |     8 |     6 |     3 ||    17
 Stab: Sleeping          |     2 |       |     1 |       |       ||     3
Armor: Robe              |    11 |    51 |    80 |       |       ||   142
       Steam dragon scal |       |       |       |   157 |    53 ||   210
       Leather armour    |       |       |       |       |   173 ||   173
Dodge: Dodged            |    66 |   116 |   139 |   199 |   271 ||   791
Block: Shield            |       |       |    29 |   278 |   366 ||   673

Table legend:
 A = Non-vault XP
 B = Vault XP
 C = Vault XP percentage of total XP
 D = Non-vault monster count
 E = Vault monster count
 F = Vault count percentage of total count
                 A         B        C        D         E       F
            +---------+---------+-------+---------+---------+-------
      Total |   54409 |   34652 |  38.9 |     444 |     242 |  35.3
            +---------+---------+-------+---------+---------+-------
        D:1 |      46 |       5 |   9.8 |      23 |       4 |  14.8
        D:2 |      94 |       0 |   0.0 |      28 |       0 |   0.0
        D:3 |     380 |      72 |  15.9 |      39 |       7 |  15.2
        D:4 |      74 |     161 |  68.5 |      13 |       4 |  23.5
        D:5 |     310 |     230 |  42.6 |       6 |       4 |  40.0
        D:6 |     743 |     655 |  46.9 |      22 |       4 |  15.4
        D:7 |     431 |     133 |  23.6 |      13 |       2 |  13.3
        D:8 |    2385 |    1450 |  37.8 |      31 |       3 |   8.8
        D:9 |    4276 |     927 |  17.8 |      42 |       9 |  17.6
       D:10 |    6291 |       0 |   0.0 |      39 |       0 |   0.0
       D:11 |    6538 |     610 |   8.5 |      48 |      36 |  42.9
       D:12 |      46 |       0 |   0.0 |       3 |       0 |   0.0
     Lair:1 |    7361 |     143 |   1.9 |      35 |       1 |   2.8
     Lair:2 |    2214 |    4378 |  66.4 |      13 |      17 |  56.7
     Lair:3 |    4632 |    5918 |  56.1 |      19 |      42 |  68.9
     Lair:4 |    4490 |    5244 |  53.9 |      18 |      26 |  59.1
     Lair:5 |    7330 |    1341 |  15.5 |      25 |       3 |  10.7
     Lair:6 |    6768 |    8273 |  55.0 |      27 |      62 |  69.7
    Ossuary |       0 |     173 | 100.0 |       0 |       8 | 100.0
   Gauntlet |       0 |    4939 | 100.0 |       0 |      10 | 100.0
            +---------+---------+-------+---------+---------+-------
